 Dungeon Crawl Stone Soup version 0.17.1-3-g152610e (webtiles) character file.

34314 Freud the Protected (level 13, -4/72 HPs)
             Began as a Vine Stalker Fighter on Mar 31, 2016.
             Was the Champion of Okawaru.
             Slain by an orc high priest
             ... wielding a +0 battleaxe
              (8 damage)
             ... on level 4 of the Orcish Mines on Apr 1, 2016.
             The game lasted 05:06:47 (19433 turns).

Freud the Protected (Vine Stalker Fighter)         Turns: 19433, Time: 05:06:49

Health: -4/72      AC: 33    Str: 22    XL:     13   Next: 76%
Magic:  0/20       EV: 13    Int: 13    God:    Okawaru [******]
Gold:   662        SH:  3    Dex: 18    Spells: 0 memorised, 20 levels left

rFire  + + .     SeeInvis .     a - +3 dagger (venom)
rCold  . . .     Clarity  .     I - +2 plate armour {rN+}
rNeg   + . .     SustAt   .     (no shield)
rPois  +         Gourm    .     j - +1 hat {Int+3}
rElec  .         Spirit   +     B - +2 cloak {rPois}
rCorr  .         Warding  .     e - +2 pair of gloves {archery}
rMut   .         Stasis   .     U - +1 pair of boots
MR     +....                    c - amulet of faith
Stlth  +.........               l - ring of the Cricket {*Drain rF++ Dex+4 Slay+4 Stlth+}
                                x - +2 ring of intelligence

@: heroism, very slightly contaminated, hasted, very quick, somewhat resistant
to hostile enchantments, very unstealthy
A: fangs 3, large bone plates 2, blink, blurry vision 1, dopey 1, regeneration
3, spit poison 1, evolution 1, magic shield, antimagic bite, no device heal 3,
rot immunity
a: Spit Poison, Blink, Heroism, Finesse, Renounce Religion


You were on level 4 of the Orcish Mines.
You worshipped Okawaru.
Okawaru was exalted by your worship.
You were not hungry.

You visited 4 branches of the dungeon, and saw 17 of its levels.
You also visited: Sewer.

You collected 2224 gold pieces.
You spent 1562 gold pieces at shops.

Inventory:

Hand Weapons
 a - a +3 dagger of venom (weapon)
 b - a +2 short sword of electrocution
 f - a +0 dagger of freezing
 g - a +2 dagger of draining
 h - a +5 vampiric short sword
 t - a +1 short sword of protection
 A - a +1 short sword of venom
Missiles
 n - an exploding tomahawk
 o - 3 tomahawks of dispersal
 M - 34 tomahawks (quivered)
 O - 5 throwing nets
 Y - 5 javelins
Armour
 e - a +2 pair of gloves of archery (worn)
 j - a +1 hat of intelligence (worn)
 k - a +3 chain mail of fire resistance
 B - a +2 cloak of poison resistance (worn)
 E - a +0 helmet
 F - a +0 robe of positive energy
 G - a +1 leather armour of cold resistance
 I - a +2 plate armour of positive energy (worn)
 J - a +4 chain mail
 U - a +1 pair of boots (worn)
Jewellery
 c - an amulet of faith (around neck)
 l - the ring of the Cricket (right hand) {*Drain rF++ Dex+4 Slay+4 Stlth+}
   (You bought it in a shop on level 6 of the Dungeon)

   [ring of stealth]

   It affects your dexterity (+4).
   It affects your accuracy and damage with ranged weapons and melee attacks
   (+4).
   It greatly protects you from fire.
   It causes draining when unequipped.
   It makes you more stealthy.
 x - a +2 ring of intelligence (left hand)
 W - an uncursed ring of poison resistance
Wands
 s - a wand of disintegration (15)
 D - a wand of lightning (3)
 L - a wand of digging (15)
 T - a wand of paralysis (6)
 X - a wand of frost (30)
Scrolls
 i - a scroll of blinking
 m - a scroll of remove curse
 q - 5 scrolls of recharging
 u - a scroll of magic mapping
 w - 7 scrolls of fog
 C - a scroll of holy word {unknown}
 P - 3 scrolls of teleportation
 Z - a scroll of fear
Potions
 d - 4 potions of might
 p - 6 potions of curing
 v - a potion of haste
 z - 4 potions of flight
 Q - 2 potions of berserk rage
Miscellaneous
 y - a legendary deck of changes
Comestibles
 r - 9 meat rations
 H - 2 chunks of flesh


   Skills:
 - Level 10.5(15.5) Fighting
 + Level 10.4(15.4) Short Blades
 - Level 10.6(15.6) Armour
 - Level 4.0(9.0) Dodging
 - Level 2.5(7.5) Stealth
   Level 4.0(9.0) Shields
 - Level 4.0 Spellcasting
 + Level 9.0 Invocations
 - Level 3.0 Evocations


You had 20 spell levels left.
You didn't know any spells.

Dungeon Overview and Level Annotations

Branches:
Dungeon (11/15)            Temple (1/1) D:6            Lair (1/8) D:11
    Orc (4/4) D:10            Elf (0/3) Orc:3

Altars:
Ashenzari
Cheibriados
Dithmenos
Elyvilon
Fedhas
Gozag
Kikubaaqudgha
Makhleb
Nemelex Xobeh
Okawaru
Qazlal
Ru
Sif Muna
Trog
Vehumet
Xom
Yredelemnul
Zin
The Shining One

Shops:
D:6 }=?!}   D:8 (   Orc:1 *   Orc:2 *   Orc:4 (


Innate Abilities, Weirdness & Mutations

You have razor-sharp teeth.
You regenerate.
When hurt, damage is shared between your health and your magic reserves.
Your bite disrupts and absorbs the magic of your enemies.
Potions and wands cannot restore your health.
You are immune to rotting.
You are mostly covered in large bone plates (AC +3, SH +3).
You can translocate small distances at will.
Scrolls take you a little longer to read.
You are dopey. (Int -2)
You can spit weak poison.
You evolve.


Message History

You gain the combat prowess of a mighty hero.
You feel slightly more hungry. The orc high priest misses you.
The red devil hits you but does no damage.
The hellwing hits you but does no damage.
The hellwing barely misses you. The orc warrior misses you.
That item cannot be evoked!
There's nothing to close nearby.
Read which item? (? for menu, Esc to quit)
Okay, then.
Evoke which item? (* to show all) (? for menu, Esc to quit)
Zapping:
L - a wand of digging (16)
Press: ? - help, Shift-Dir - straight line The rock shatters into small pieces.
This wand has 15 charges left.
The smoke demon gestures at you. Something smites you!
* * * LOW HITPOINT WARNING * * *
The orc high priest hits you but does no damage.
The red devil hits you but does no damage.
The orc high priest hits you with a battleaxe!
You die...

#.# #.# .. #..o #.#
... #.oo #.# ....
.o. #.# ....#####..
#.# .......... ##[#
........ ##4o#
#####...######3o@#
........o...[)3o#.#
......^.......4###.#
################ #.#
#.# #.# #.# #.


You could see 2 orc high priests, a hellwing, 2 smoke demons, a red devil and an
orc warrior.

Vanquished Creatures
  Rupert (Orc:3)
  Gastronok (Orc:2)
  Maud (Orc:2)
  A hydra (Lair:1)
  Harold (D:10)
  Erolcha (D:10)
  A queen ant (Lair:1)
  An orc high priest (Orc:4)
  Urug (D:11)
  An unseen horror (D:10)
  Pikel (D:8)
  5 orc knights
  An ugly thing (D:11)
  An orc sorcerer (Orc:3)
  Joseph (D:7)
  A spiny frog (Lair:1)
  An ice statue (D:11)
  2 komodo dragons
  A queen bee (D:10)
  3 blink frogs (Lair:1)
  Prince Ribbit (D:10)
  2 trolls
  2 two-headed ogres
  A trapdoor spider zombie (D:6)
  10 yaks
  2 wyverns
  A hippogriff (D:6)
  2 hungry ghosts
  A mottled dragon (D:11)
  20 soldier ants (Lair:1)
  5 wargs
  2 water moccasins (Lair:1)
  2 porcupines (Lair:1)
  Duvessa (D:5)
  19 orc warriors
  A swamp drake (D:11)
  5 phantoms
  6 ice beasts
  2 sky beasts
  2 slaves (D:7)
  15 ogres
  5 crocodiles
  4 centaurs
  A gnoll sergeant (D:9)
  Dowan (D:5)
  9 giant frogs
  10 wights
  6 scorpions
  32 killer bees
  A vampire bat (Lair:1)
  A quasit (D:5)
  30 orc priests
  2 centaur zombies
  4 crimson imps
  8 hounds
  5 centaur skeletons
  A jelly (D:10)
  A giant frog skeleton (D:4)
  2 gnoll shamans (D:5)
  22 orc wizards
  6 iguanas
  24 worker ants
  A hound zombie (D:6)
  A hound skeleton (D:8)
  A worker ant zombie (D:11)
  12 adders
  47 gnolls
  8 river rats (Lair:1)
  A shadow imp (D:10)
  2 oozes
  An adder zombie (D:7)
  2 worms
  An adder skeleton (D:7)
  6 giant geckos
  159 orcs
  7 giant cockroaches
  12 goblins
  12 hobgoblins
  27 jackals
  14 kobolds
  2 quokkas
  4 ball pythons
  12 bats
  A giant gecko zombie (D:6)
  8 giant newts
  A quokka skeleton (D:5)
  4 rats
  2 plants (Sewer)
652 creatures vanquished.

Vanquished Creatures (others)
  A slave (D:8)
  A wight (D:8)
  An orc (Orc:3)
  A giant cockroach (D:2)
4 creatures vanquished.

Grand Total: 656 creatures vanquished

Notes
Turn   | Place    | Note
--------------------------------------------------------------
     0 | D:1      | Freud the Vine Stalker Fighter began the quest for the Orb.
     0 | D:1      | Reached XP level 1. HP: 11/11 MP: 2/2
   175 | D:1      | Reached XP level 2. HP: 16/16 MP: 3/3
   387 | D:1      | Reached skill level 3 in Short Blades
   458 | D:1      | Reached XP level 3. HP: 19/19 MP: 4/4
   983 | D:2      | Found a sparkling altar of Nemelex Xobeh.
  1088 | D:2      | Found a sacrificial altar of Ru.
  1166 | D:2      | Found a stormy altar of Qazlal.
  1559 | D:3      | Found a glowing drain.
  1566 | Sewer    | Entered a sewer
  1579 | Sewer    | Reached XP level 4. HP: 21/23 MP: 5/5
  1615 | Sewer    | Reached skill level 4 in Short Blades
  2810 | D:3      | Reached XP level 5. HP: 24/27 MP: 4/6
  2906 | D:3      | You fall through a shaft for 2 floors!
  2906 | D:5      | Entered Level 5 of the Dungeon
  2907 | D:5      | Gained mutation: You are dopey. (Int -2) [potion of mutation]
  2907 | D:5      | Gained mutation: You can spit weak poison. [potion of mutation]
  2907 | D:5      | Gained mutation: You are robust (+10% HP). [potion of mutation]
  2966 | D:5      | Noticed Duvessa
  3000 | D:5      | Killed Duvessa
  3000 | D:5      | Reached skill level 5 in Short Blades
  3000 | D:5      | Gained mutation: You heal very quickly. [Vine Stalker growth]
  3000 | D:5      | Reached XP level 6. HP: 31/35 MP: 5/7
  3010 | D:5      | Noticed Dowan
  3028 | D:5      | Killed Dowan
  3028 | D:5      | Reached skill level 6 in Short Blades
  3148 | D:5      | Noticed an ogre
  3153 | D:5      | Killed an ogre
  3153 | D:5      | Reached XP level 7. HP: 39/39 MP: 8/8
  3417 | D:3      | Found a burning altar of Makhleb.
  3418 | D:3      | Found a radiant altar of Vehumet.
  4343 | D:4      | Found an opulent altar of Gozag.
  4380 | D:4      | Reached skill level 7 in Short Blades
  4581 | D:4      | Gained mutation: You have razor-sharp teeth. [Vine Stalker growth]
  4581 | D:4      | Reached XP level 8. HP: 39/44 MP: 9/9
  4779 | D:5      | Noticed an ice beast
  4790 | D:5      | Killed an ice beast
  4834 | D:5      | Found a basalt altar of Yredelemnul.
  4996 | D:5      | Noticed an ogre
  5005 | D:5      | Killed an ogre
  5045 | D:5      | Reached skill level 8 in Short Blades
  5101 | D:5      | Reached skill level 5 in Armour
  5499 | D:5      | Noticed a phantom
  5531 | D:5      | Killed a phantom
  5674 | D:5      | Reached XP level 9. HP: 41/48 MP: 8/10
  5865 | D:5      | Reached skill level 9 in Short Blades
  6026 | D:6      | Found Ogy Cia's Distillery.
  6035 | D:6      | Found a staircase to the Ecumenical Temple.
  6047 | Temple   | Entered the Ecumenical Temple
  6163 | D:6      | Bought a potion of mutation for 30 gold pieces
  6164 | D:6      | Gained mutation: Scrolls take you a little longer to read. [potion of mutation]
  6164 | D:6      | Gained mutation: You are partially covered in large bone plates (AC +2, SH +2). [potion of mutation]
  6164 | D:6      | Gained mutation: You expend magic power (3 MP) to strengthen your wands. [potion of mutation]
  6166 | D:6      | Bought a potion of berserk rage for 60 gold pieces
  6166 | D:6      | Bought a potion of poison for 12 gold pieces
  6166 | D:6      | Bought a potion of flight for 36 gold pieces
  6372 | D:6      | Found Ruoxax's Jewellery Shop.
  6383 | D:6      | Found Juehipse's Gadget Shoppe.
  6392 | D:6      | Gained mutation: You can translocate small distances at will. [potion of beneficial mutation]
  6516 | D:6      | Found Rometas's Magic Scroll Emporium.
  6520 | D:6      | Bought a scroll of teleportation for 42 gold pieces
  6734 | D:6      | Found Bekemoaq's Gadget Shop.
  7279 | D:7      | Noticed Joseph
  7301 | D:7      | Killed Joseph
  7301 | D:7      | Reached XP level 10. HP: 48/53 MP: 11/11
  7416 | D:7      | Found a glowing golden altar of the Shining One.
  7431 | D:7      | Reached skill level 10 in Short Blades
  7441 | D:7      | Gained mutation: Your flesh is cold resistant. [mutagenic meat]
  7442 | D:7      | Gained mutation: You are agile. (Dex +2) [mutagenic meat]
  7443 | D:7      | Gained mutation: You evolve. [mutagenic meat]
  7446 | D:7      | Lost mutation: Your flesh is cold resistant. [mutagenic meat]
  7515 | D:7      | Reached skill level 1 in Spellcasting
  7575 | D:6      | Found an opulent altar of Gozag.
  7575 | D:6      | Found a snail-covered altar of Cheibriados.
  8067 | D:6      | Bought a scroll of fear for 49 gold pieces
  8179 | D:8      | Noticed Pikel
  8253 | D:8      | Killed Pikel
  8379 | D:8      | Found a bloodstained altar of Trog.
  8485 | D:8      | Gained mutation: You rapidly evolve. [mutagenic meat]
  8488 | D:8      | Lost mutation: You are dopey. (Int -2) [mutagenic meat]
  8522 | D:8      | Noticed Prince Ribbit
  8677 | D:8      | Found Zerum's Weapon Shop.
  8727 | D:8      | Reached skill level 1 in Dodging
  8859 | D:8      | Gained mutation: You are mostly covered in large bone plates (AC +3, SH +3). [evolution]
  8859 | D:8      | Lost mutation: You rapidly evolve. [end of evolution]
  8894 | D:8      | Found an iron altar of Okawaru.
  8909 | D:8      | Became a worshipper of Warmaster Okawaru
  9406 | D:9      | Reached skill level 5 in Fighting
  9417 | D:9      | Reached * piety under Okawaru
  9433 | D:9      | Reached skill level 1 in Invocations
  9918 | D:9      | Found a deep blue altar of Sif Muna.
 10018 | D:9      | Found a shattered altar of Ashenzari.
 10079 | D:10     | Entered Level 10 of the Dungeon
 10125 | D:10     | Reached XP level 11. HP: 50/61 MP: 18/18
 10152 | D:10     | Reached ** piety under Okawaru
 10165 | D:10     | Noticed Harold
 10310 | D:10     | Found a staircase to the Orcish Mines.
 10315 | D:10     | Noticed Erolcha
 11651 | D:10     | Lost mutation: You are agile. (Dex +2) [potion of mutation]
 11651 | D:10     | Gained mutation: You are dopey. (Int -2) [potion of mutation]
 11825 | D:10     | Killed Prince Ribbit
 11825 | D:10     | Reached *** piety under Okawaru
 11853 | D:10     | Killed Erolcha
 11916 | D:10     | Killed an unseen horror
 12039 | D:10     | Killed Harold
 12092 | D:10     | Reached **** piety under Okawaru
 12542 | D:11     | Noticed Urug
 12568 | D:11     | Killed Urug
 12645 | D:11     | Reached ***** piety under Okawaru
 12683 | D:11     | Found a runed door.
 12695 | D:11     | Found a runed door.
 12742 | D:11     | Found a runed door.
 12750 | D:11     | Found a runed door.
 12844 | D:11     | Gained mutation: You regenerate. [Vine Stalker growth]
 12844 | D:11     | Reached XP level 12. HP: 49/70 MP: 19/19
 13347 | D:11     | Found a staircase to the Lair.
 13357 | Lair:1   | Entered Level 1 of the Lair of Beasts
 13378 | Lair:1   | Reached skill level 5 in Invocations
 13687 | D:11     | Lost mutation: You expend magic power (3 MP) to strengthen your wands. [mutagenic meat]
 13688 | D:11     | Lost mutation: You are robust (+10% HP). [mutagenic meat]
 14223 | Lair:1   | Noticed a queen ant
 14243 | Lair:1   | Killed a queen ant
 14243 | Lair:1   | Received a gift from Okawaru
 14369 | Lair:1   | Reached skill level 10 in Armour
 14769 | Lair:1   | Noticed a four-headed hydra
 14800 | Lair:1   | Killed a four-headed hydra
 15373 | Orc:1    | Entered Level 1 of the Orcish Mines
 15422 | Orc:1    | Reached skill level 1 in Stealth
 15622 | Orc:2    | Noticed Maud
 15674 | Orc:2    | Killed Maud
 15674 | Orc:2    | Received a gift from Okawaru
 15674 | Orc:2    | Reached XP level 13. HP: 14/70 MP: 5/20
 15870 | Orc:3    | Reached skill level 1 in Evocations
 15886 | Orc:2    | Noticed Rupert
 15886 | Orc:2    | Noticed Gastronok
 15932 | Orc:3    | Killed Rupert
 15932 | Orc:3    | Reached ****** piety under Okawaru
 15932 | Orc:3    | Received a gift from Okawaru
 16107 | Orc:2    | Killed Gastronok
 16107 | Orc:2    | Reached skill level 10 in Fighting
 16735 | D:6      | Bought the ring of the Cricket {*Drain rF++ Dex+4 Slay+4 Stlth+} for 800 gold pieces
 16781 | D:6      | Bought a scroll of identify for 28 gold pieces
 16939 | Orc:4    | Entered Level 4 of the Orcish Mines
 17444 | Orc:3    | Found a staircase to the Elven Halls.
 18197 | Orc:2    | Found Eghiqugi's Assorted Antiques.
 18235 | Orc:2    | Bought a glass wand for 96 gold pieces
 18235 | Orc:2    | Bought a moonstone ring for 120 gold pieces
 18566 | Orc:1    | Found Ynaclaic's Assorted Antiques.
 18575 | Orc:1    | Bought a glowing cloak for 130 gold pieces
 18575 | Orc:1    | Bought a scroll labeled BILOEJ JITUOTYGIRCH for 29 gold pieces
 18590 | Orc:1    | Bought a runed dagger for 58 gold pieces
 18861 | Orc:2    | Bought a glowing short sword for 72 gold pieces
 18908 | Orc:4    | Received a gift from Okawaru
 19033 | Orc:4    | Found Votutyok's Antique Weapon Boutique.
 19433 | Orc:4    | Slain by an orc high priest

Action                   |  1- 3 |  4- 6 |  7- 9 | 10-12 | 13-15 || total
-------------------------+-------+-------+-------+-------+-------++-------
Melee: Rapier            |    11 |       |       |       |       ||    11
       Short sword       |    66 |   170 |    71 |    82 |       ||   389
       Dagger            |     7 |       |   385 |  1237 |   658 ||  2287
       Hand axe          |       |       |       |    58 |       ||    58
Throw: Stone             |       |     2 |       |       |       ||     2
Invok: Heroism           |       |       |       |     1 |     1 ||     2
 Abil: Spit Poison       |       |     4 |     5 |     6 |       ||    15
Evoke: Wand              |       |       |       |     1 |     1 ||     2
  Use: Scroll            |     4 |     1 |       |    10 |     2 ||    17
       Potion            |       |     6 |     4 |     2 |     1 ||    13
  Eat: Chunk             |     1 |     8 |    14 |    40 |    12 ||    75
       Fruit             |       |       |       |     3 |       ||     3
       Pizza             |       |       |       |     2 |       ||     2
